Map: Tours du crépuscule

Players

Mac - Winner!

  • Race: Protoss Protoss
  • League: Silver

pupu

  • Race: Protoss Protoss
  • League: Silver

VOD

Have the link to the VOD?

Description

Time

  • Played on: April 5, 2016, 11:24 a.m.
  • Length: 7:51
Show
View Real Time Build Order
Export as new Build Order

Mac Protoss - Winner!

Build Orders:  

Get SALT Encoding   

  12  0:02  Probe (Chrono Boost)  
  13  0:14  Pylon  
  13  0:22  Probe (Chrono Boost)  
  14  0:33  Probe (Chrono Boost)  
  15  0:37  Gateway  
  15  0:43  Probe (Chrono Boost)  
  15  0:47  Assimilator  
  16  0:54  Probe (Chrono Boost)  
  17  1:04  Probe (Chrono Boost)  
  17  1:08  Assimilator  
  18  1:15  Probe (Chrono Boost)  
  19  1:26  Probe (Chrono Boost)  
  19  1:28  Cybernetics Core  
  20  1:36  Probe (Chrono Boost)  
  21  1:47  Probe (Chrono Boost)  
  22  1:57  Probe (Chrono Boost)  
  23  2:08  Stargate  
  23  2:10  Pylon  
  23  2:24  Stargate  
  23  2:28  Probe (Chrono Boost)  
  24  2:31  Pylon  
  24  2:44  Nexus  
  24  3:01  Assimilator  
  24  3:04  Void Ray (Chrono Boost)  
  32  3:27  Void Ray (Chrono Boost)  
  32  3:44  Probe  
  33  3:50  Void Ray (Chrono Boost)  
  37  3:56  Probe  
  37  4:01  Probe  
  37  4:08  Probe  
  39  4:12  Probe  
  40  4:20  Probe  
  40  4:22  Probe  
  46  4:24  Void Ray (Chrono Boost)  
  46  4:32  Probe  
  46  4:33  Probe  
  46  4:37  Pylon  
  48  4:40  Pylon  
  48  4:43  Probe  
  48  4:44  Probe  
  50  5:15  Void Ray (Chrono Boost)  
  50  5:20  Void Ray (Chrono Boost)  
  58  5:44  Probe  
  55  5:52  Void Ray (Chrono Boost)  
  55  5:54  Probe  
  60  6:03  Void Ray (Chrono Boost)  
  64  6:05  Probe  
  64  6:10  Nexus  
  65  6:34  Void Ray (Chrono Boost)  
  65  6:45  Probe  
  65  6:46  Void Ray (Chrono Boost)  
  66  6:53  Assimilator  
  66  6:55  Probe  
  63  7:06  Probe  
  64  7:15  Pylon  
  64  7:16  Probe  
  64  7:18  Pylon  
  65  7:27  Probe  
Show
View Real Time Build Order
Export as new Build Order

pupu Protoss 

Build Orders: 1 Gate Expand 

Get SALT Encoding   

  12  0:01  Probe (Chrono Boost)  
  13  0:11  Probe (Chrono Boost)  
  14  0:20  Pylon  
  14  0:22  Probe (Chrono Boost)  
  15  0:39  Gateway  
  15  0:40  Probe (Chrono Boost)  
  16  0:50  Probe (Chrono Boost)  
  17  1:01  Probe (Chrono Boost)  
  17  1:03  Assimilator  
  18  1:21  Nexus  
  18  1:27  Probe (Chrono Boost)  
  19  1:37  Probe (Chrono Boost)  
  20  1:41  Cybernetics Core  
  20  1:55  Probe (Chrono Boost)  
  20  1:59  Assimilator  
  21  2:01  Pylon  
  21  2:05  Probe (Chrono Boost)  
  22  2:16  Probe (Chrono Boost)  
  22  2:18  Robotics Facility  
  23  2:27  Probe (Chrono Boost)  
  24  2:37  Probe (Chrono Boost)  
  24  2:38  Probe (Chrono Boost)  
  26  2:49  Gateway  
  26  2:51  Forge  
  26  2:53  Probe (Chrono Boost)  
  26  2:54  Probe (Chrono Boost)  
  28  3:03  Probe (Chrono Boost)  
  28  3:04  Probe (Chrono Boost)  
  30  3:06  Adept  
  30  3:09  Warp Gate (Chrono Boost)  
  32  3:25  Probe  
  33  3:31  Probe  
  33  3:32  Warp Prism  
  33  3:33  Stalker  
  36  3:37  Probe, Stalker  
  41  3:43  Probe  
  42  3:49  Probe, Assimilator  
  43  3:59  Probe  
  43  4:01  Probe  
  45  4:09  Stargate  
  45  4:13  Gateway  
  45  4:18  Pylon  
  45  4:36  Mothership Core  
  47  4:43  Probe  
  48  4:45  Gateway  
  48  4:48  Observer, Pylon  
  47  4:55  Probe  
  40  5:13  Phoenix  
  41  5:17  Stalker x2  
  38  5:29  Stalker  
  35  5:40  Pylon  
  35  5:57  Stalker  
  37  6:01  Protoss Shields Level 1 (Chrono Boost)  
  37  6:05  Pylon  
  37  6:09  Probe x2  
  38  6:21  Probe, Pylon  
  38  6:23  Pylon  
  39  6:31  Pylon  
  32  6:35  Stalker x2  
  32  6:36  Stalker  
  29  6:55  Probe x2  
  31  7:07  Probe x2  
  33  7:11  Photon Cannon  
  33  7:19  Probe x2  
  29  7:35  Stalker  
  29  7:36  Stalker  
  24  7:44  Stalker  
Tags
 
Add a new tag
Caveats
  • Supply blocks, unpowered buildings, or Contaminate may cause inaccurate times.
  • Supply counts are checked every 10 seconds.